 Dungeon Crawl Stone Soup version 0.29-a0-1027-gcd8c55af63 (webtiles) character file.

Game seed: 4989081738192747820

3227 ragingrage the Cleaver (level 9, -9/81 HPs)
             Began as a Minotaur Delver on Aug 13, 2022.
             Was a Follower of Okawaru.
             Killed from afar by Erica (19 damage)
             ... with a lance of force
             ... on level 8 of the Dungeon.
             The game lasted 00:09:46 (8274 turns).

ragingrage the Cleaver (Minotaur Delver)            Turns: 8274, Time: 00:09:47

Health: -9/81      AC:  9    Str: 21    XL:     9   Next: 66%
Magic:  8/8        EV: 12    Int:  7    God:    Okawaru [*.....]
Gold:   390        SH:  0    Dex: 12    Spells: 8/8 levels left

rFire   . . .      SeeInvis .   n - +2 battleaxe (distort)
rCold   + . .      Faith    .   (shield currently unavailable)
rNeg    . . .      Spirit   .   G - +3 leather armour of the Six Xalams {rC+ Regen+}
rPois   .          Reflect  .   (helmet restricted)
rElec   .          Harm     .   (no cloak)
rCorr   +          Rampage  .   a - +1 pair of gloves
Will    .....                   j - +0 pair of boots
Stlth   ++........              i - amulet of the acrobat
HPRegen 1.03/turn               s - ring of resist corrosion
MPRegen 0.11/turn               u - +4 ring of slaying

@: slowed, very slow
A: horns 2, retaliatory headbutt
a: Renounce Religion, Heroism


You were on level 8 of the Dungeon.
You worshipped Okawaru.
Okawaru was aware of your devotion.
You visited 2 branches of the dungeon, and saw 9 of its levels.

You collected 390 gold pieces.

Inventory:

Hand Weapons
 n - a +2 battleaxe of distortion (weapon)
 x - a +2 whip of flaming
 F - the +5 flail of Ignis, Singing {vorpal, rElec}
   (You found it on level 7 of the Dungeon)

   It inflicts extra damage upon your enemies.
   rElec:     It insulates you from electricity.
Missiles
 h - 4 boomerangs
 w - 5 curare-tipped darts
 A - 10 poisoned darts (quivered)
Armour
 a - a +1 pair of gloves (worn)
 j - a +0 pair of boots (worn)
 G - the +3 leather armour of the Six Xalams (worn) {rC+ Regen+}
   (You found it on level 6 of the Dungeon)

   rC:        It protects you from cold.
   Regen:     It increases your rate of health regeneration.
 I - a +2 kite shield
Jewellery
 i - an amulet of the acrobat (around neck)
 l - a ring of flight
 s - a ring of resist corrosion (left hand)
 u - a +4 ring of slaying (right hand)
 y - a ring of fire
Wands
 g - a wand of digging (12)
 o - a wand of flame (17)
Scrolls
 c - 4 scrolls of fog
 d - 2 scrolls of magic mapping
 e - 3 scrolls of fear
 f - a scroll of silence
 k - 3 scrolls of identify
 m - 3 scrolls of vulnerability
 q - 3 scrolls of enchant armour
 t - 2 scrolls of enchant weapon
 v - a scroll of torment {unknown}
 E - a scroll of blinking {unknown}
Potions
 b - a potion of berserk rage {unknown}
 p - 3 potions of attraction
 r - a potion of degeneration
 z - a potion of might
 B - 2 potions of brilliance
 D - 2 potions of cancellation
 H - a potion of lignification


   Skills:
 + Level 8.1 Fighting
 * Level 14.0 Axes
 - Level 4.0 Armour
 - Level 2.1 Dodging
 - Level 4.1 Stealth


You had 8 spell levels left.
You didn't know any spells.
Your spell library contained the following spells:

 Spells                   Type           Power      Damage    Failure   Level
 Slow                     Hex            0%         N/A       47%         1
 Confusing Touch          Hex            0%         N/A       85%         3
 Frozen Ramparts          Ice            0%         1d1       85%         3
 Stone Arrow              Conj/Erth      0%         3d7       85%         3
 Vampiric Draining        Necr           0%         2d6       85%         3
 Ice Form                 Ice/Tmut       0%         N/A       99%         4
 Fireball                 Conj/Fire      0%         3d3       100%        5
 Starburst                Conj/Fire      0%         6d3       100%        6
 Ignition                 Fire           0%         3d3       100%        8
 Lehudib's Crystal Spear  Conj/Erth      0%         10d2      100%        8
 Animate Armour           Summ/Erth      Unusable   N/A       N/A         4
 Summon Ice Beast         Ice/Summ       Unusable   N/A       N/A         4

Dungeon Overview and Level Annotations

Branches:
Dungeon (8/15)             Temple (1/1) D:7
   Lair: D:8-11

Altars:
Cheibriados
Elyvilon
Hepliaklqana
Nemelex Xobeh
Okawaru
Qazlal
Ru
Trog
Vehumet
Wu Jian
Xom
Yredelemnul
Zin
The Shining One

Annotations:
D:8 exclusion: 3 oklob plants, Erica


Innate Abilities, Weirdness & Mutations

You have a pair of horns on your head.
You reflexively headbutt those who attack you in melee.


Message History

Something burns you.
You hit something. Your headbutt misses something. Something hits you!
Something burns you. Something hits you. Something burns you.
You closely miss something. You headbutt something! Something hits you!
Something burns you.
You barely miss something. You headbutt something!
You hear some strange, mumbled words.
You feel as though you will be slow longer.
Something hits you! Something burns you.
* * * LOW HITPOINT WARNING * * *
You miss something. Your headbutt misses something. Something hits you!
* * * LOW HITPOINT WARNING * * *
Something burns you.
* * * LOW HITPOINT WARNING * * *
You feel much better.
You hear some strange, mumbled words.
You feel as though you will be slow longer.
Something barely misses you.
You feel much better.
You hear some strange, mumbled words.
You are confused.
Something barely misses you.
You closely miss something. Your headbutt misses something. Something hits you!
Something burns you.
You completely miss something. Your headbutt misses something.
Something hits you! Something burns you.
* * * LOW HITPOINT WARNING * * *
Something barely misses you.
You bump into the rock wall.
Erica appears from thin air!
Reactivating autopickup.
Erica hits you with a +3 scimitar of flaming!
* * * LOW HITPOINT WARNING * * *
Erica burns you.
* * * LOW HITPOINT WARNING * * *
You bump into the rock wall.
You feel less confused. Erica closely misses you.
Erica points at you and mumbles some strange words.
The lance of force hits you!!
You die...

.... #.. ...##.. .....#
#....# #....# # #....# ##
#....# ##.
#....##################.#
####>..@@................
###########†......)###
#......'.......+...
#.######.....?.....
#########.# #...........
#.......#.# #...........
#.......#.# #...........
#.......#.# #........P..
#.......#.# #......P.PP.


You could see Erica.

Vanquished Creatures
  Pikel (D:4)
  A hornet (D:7)
  Sigmund (D:4)
  A wyvern (D:8)
  2 orc warriors
  A sky beast (D:6)
  A black bear (D:6)
  An ogre (D:5)
  A phantom (D:5)
  3 lemures (D:4)
  A bullfrog (D:6)
  A gnoll sergeant (D:7)
  6 scorpions
  5 wights (D:7)
  4 howler monkeys
  A jelly (D:4)
  8 orc priests
  3 hounds
  4 iguanas
  An orc wizard (D:4)
  Natasha (twice) (D:5)
  6 gnolls
  15 adders
  A shadow imp (D:6)
  A worm (D:3)
  3 dart slugs
  13 orcs
  5 endoplasms
  A giant cockroach (D:3)
  8 goblins
  9 hobgoblins
  4 jackals (D:5)
  2 quokkas
  8 ball pythons
  9 bats
  3 frilled lizards (D:1)
  7 kobolds
  5 rats
149 creatures vanquished.

Vanquished Creatures (others)
  2 fungi (D:1)
  20 plants
22 creatures vanquished.

Grand Total: 171 creatures vanquished

Notes
Turn   | Place    | Note
-------+----------+-------------------------------------------
     0 | D:5      | ragingrage the Minotaur Delver began the quest for the Orb.
     0 | D:5      | Reached XP level 1. HP: 19/19 MP: 0/0
     4 | D:6      | Noticed an orc priest
    66 | D:5      | Reached skill level 3 in Axes
    66 | D:5      | Reached XP level 2. HP: 19/26 MP: 1/1
   157 | D:5      | Noticed a scorpion
   327 | D:5      | Noticed an ogre
   334 | D:4      | Noticed a phantom
   349 | D:5      | Reached skill level 4 in Axes
   349 | D:5      | Reached XP level 3. HP: 31/31 MP: 2/2
   361 | D:5      | Noticed a black bear
   377 | D:4      | Reached skill level 5 in Axes
   378 | D:4      | Noticed Sigmund
   380 | D:4      | Noticed Natasha
   383 | D:5      | Noticed a scorpion
   434 | D:5      | Reached XP level 4. HP: 8/39 MP: 3/3
   873 | D:5      | Reached skill level 6 in Axes
  1477 | D:6      | Noticed a sky beast
  1543 | D:5      | Reached XP level 5. HP: 45/45 MP: 4/4
  1600 | D:5      | Reached skill level 7 in Axes
  1892 | D:5      | Reached XP level 6. HP: 43/51 MP: 5/5
  1999 | D:5      | Reached skill level 8 in Axes
  2355 | D:5      | Noticed a water moccasin
  2369 | D:5      | Reached skill level 9 in Axes
  2369 | D:5      | Reached XP level 7. HP: 57/57 MP: 6/6
  2390 | D:5      | Killed Natasha
  2462 | D:4      | Found a shimmering altar of Xom.
  2759 | D:3      | You fall into a shaft and drop 1 floor!
  3630 | D:1      | Reached skill level 10 in Axes
  4168 | D:1      | Found a faded altar of an unknown god.
  4575 | D:3      | Found a white marble altar of Elyvilon.
  4578 | D:3      | Found a sacrificial altar of Ru.
  5581 | D:4      | Reached skill level 1 in Armour
  5962 | D:4      | Killed Sigmund
  5963 | D:4      | Reached XP level 8. HP: 67/67 MP: 7/7
  6036 | D:4      | Noticed Pikel
  6286 | D:4      | Reached skill level 5 in Fighting
  6453 | D:4      | Killed Pikel
  6454 | D:4      | Reached skill level 11 in Axes
  6568 | D:4      | Reached skill level 12 in Axes
  6671 | D:5      | Noticed Natasha
  6680 | D:5      | Killed Natasha
  6776 | D:5      | Found a sparkling altar of Nemelex Xobeh.
  6851 | D:6      | Identified the +3 leather armour of the Six Xalams {rC+
                  | Regen+}
  6948 | D:6      | Reached XP level 9. HP: 67/78 MP: 8/8
  7135 | D:6      | Found a bloodstained altar of Trog.
  7135 | D:6      | Found a snail-covered altar of Cheibriados.
  7152 | D:6      | Found a glowing silver altar of Zin.
  7608 | D:7      | Found a staircase to the Ecumenical Temple.
  7621 | D:7      | Reached skill level 13 in Axes
  7695 | Temple   | Entered the Ecumenical Temple
  7716 | Temple   | Became a worshipper of Warmaster Okawaru
  7984 | D:7      | Paralysed by a hornet for 2 turns
  8070 | D:7      | Identified the +5 flail of Ignis, Singing {vorpal, rElec}
  8109 | D:8      | Noticed an oklob plant
  8155 | D:8      | Reached * piety under Okawaru
  8168 | D:8      | Noticed an oklob plant
  8185 | D:8      | Reached skill level 14 in Axes
  8207 | D:8      | Noticed an oklob plant
  8251 | D:8      | Noticed Erica
  8274 | D:8      | Killed from afar by Erica

Illustrated notes

Levels and vault maps discovered:
D:1:      dpeg_arrival_signposts, layout_basic, shapermc_ecumenical_altar_petra,
          amcnicky_mini_pool_small, chequers_jeans, serial_park_tiny_2
D:2:      layout_rooms, grunt_decor_fettered
D:3:      layout_loops_cross, nicolae_overflow_squiral
D:4:      layout_rooms, nicolae_overflow_crystal_walls,
          kennysheep_generic_room_8, uniq_sigmund, uniq_natasha, uniq_pikel
D:5:      layout_basic, nemelex_spade_bored_becter, guppyfry_early_lair_pool
D:6:      layout_basic, gammafunk_temple_overflow_claw
D:7:      layout_rooms, minmay_temple_entry_gardened_gates, grunt_tough_drop
D:8:      layout_basic, nicolae_ossuary_entry_plus, disabler_island,
          uniq_joseph, uniq_psyche, uniq_erica
Temple:   nicolae_temple_bog_church

Skill      XL: |  1  2  3  4  5  6  7  8  9 |
---------------+----------------------------+-----
Axes           | 3 4 5 6 7 9 10 12 14 | 14.0
Fighting       | 4 6 8 |  8.1
Armour         | 2 4 |  4.0
Dodging        | |  2.1
Stealth        | |  4.1

Action                   |  1- 3 |  4- 6 |  7- 9 || total
-------------------------+-------+-------+-------++-------
Melee: Hand axe          |    21 |    79 |    89 ||   189
       Headbutt          |     2 |    14 |    49 ||    65
       Punch             |       |     1 |     3 ||     4
       Dagger            |       |       |   151 ||   151
       Battleaxe         |       |       |    34 ||    34
 Fire: Sling             |     5 |       |       ||     5
Throw: Boomerang         |       |     6 |     3 ||     9
       Dart              |       |       |    11 ||    11
  Use: Potion            |     2 |       |     6 ||     8
       Scroll            |       |       |     8 ||     8
 Stab: Sleeping          |       |     2 |     9 ||    11
       Distracted        |       |       |     1 ||     1
Armor: Leather armour    |     7 |     2 |    25 ||    34
       Ring mail         |       |    22 |    45 ||    67
       Skin              |       |       |     6 ||     6
Dodge: Dodged            |    22 |    32 |   149 ||   203

Table legend: (Time is in decaauts)
 A = Elapsed time spent in this place.
 B = Non-inter-level travel time spent in this place.
 C = Inter-level travel time spent in this place.
 D = Time resting spent in this place.
 E = Time spent auto-exploring this place.
 F = Levels seen in this place.
 G = Mean time per level.
                   A        B        C        D        E       F      G
               +--------+--------+--------+--------+--------+-----+--------+
         Total |   8264 |   7732 |    532 |   2217 |   3943 |   9 |  918.2 |
       Dungeon |   8229 |   7712 |    517 |   2217 |   3930 |   8 | 1028.6 |
        Temple |     34 |     20 |     14 |      0 |     12 |   1 |   34.0 |
               +--------+--------+--------+--------+--------+-----+--------+

Top non-repeatable levels by time:
     D:5: 2439 daAuts
     D:3: 1427 daAuts
     D:4: 1384 daAuts
     D:1: 995 daAuts
     D:6: 816 daAuts
     D:7: 541 daAuts
     D:2: 450 daAuts
     D:8: 174 daAuts
  Temple: 34 daAuts
